 Dungeon Crawl Stone Soup version 0.20-a0-1089-g3fde505 (webtiles) character file.

5650 Kurtz the Carver (level 10, -12/80 HPs)
             Began as a Demigod Gladiator on May 3, 2017.
             Mangled by Kurtz's ghost (16 damage)
             ... on level 8 of the Dungeon.
             The game lasted 00:20:33 (11345 turns).

Kurtz the Carver (Demigod Gladiator)               Turns: 11345, Time: 00:20:33

Health: -12/80     AC: 11    Str: 34    XL:     10   Next: 23%
Magic:  13/13      EV: 10    Int: 12    God:
Gold:   431        SH:  0    Dex: 17    Spells: 9/9 levels left

rFire    + . .     SeeInvis .   v - +2 falchion (drain)
rCold    . . .     Gourm    .   (no shield)
rNeg     . . .     Faith    .   u - +0 plate armour of the Orcish Mines {Str+3} (curse)
rPois    .         Spirit   .   c - +0 helmet
rElec    .         Reflect  .   B - +0 cloak
rCorr    .         Harm     .   w - +1 pair of gloves
MR       ++...     Rnd*Rage +   (no boots)
Stlth    ..........             (no amulet)
Regen    0.3/turn               P - +5 ring of strength
MPRegen  0.2/turn               R - +5 ring of strength

@: no status effects
A: hooves 1, berserk 1, clumsy 1, deformed body, fire resistance 1, high mp 1,
magic resistance 1, sturdy frame 1
a: no special abilities


You were on level 8 of the Dungeon.
You were not hungry.

You visited 1 branch of the dungeon, and saw 8 of its levels.
You also visited: Bailey.

You collected 843 gold pieces.
You spent 412 gold pieces at shops.

Inventory:

Hand Weapons
 a - a +0 long sword
 v - a +2 falchion of draining (weapon)
 z - a +1 flail of venom
 K - a +2 morningstar of freezing
Missiles
 A - 4 tomahawks (quivered)
 H - 5 throwing nets
 O - 181 stones
Armour
 b - a +0 leather armour
 c - a +0 helmet (worn)
 r - a +3 chain mail of cold resistance
 u - the cursed +0 plate armour of the Orcish Mines (worn) {Str+3}
   (You found it on level 7 of the Dungeon)

   It affects your strength (+3).
   It has a curse placed upon it.
 w - a +1 pair of gloves (worn)
 B - a +0 cloak (worn)
 I - a +0 crystal plate armour
 L - a +0 plate armour
Jewellery
 o - an uncursed ring of ice
 p - an uncursed ring of resist corrosion
 y - an uncursed ring of wizardry
 J - the ring of the Empire {MP+9 Stlth-}
   (You found it on level 5 of the Dungeon)

   [ring of loudness]

   It affects your magic capacity (+9).
   It makes you less stealthy.
 P - a +5 ring of strength (left hand)
 R - a +5 ring of strength (right hand)
Wands
 h - a wand of random effects (1/48)
 C - a wand of scattershot (1/9)
Scrolls
 i - a scroll of magic mapping
 j - 3 scrolls of enchant armour
 n - 3 scrolls of immolation
 s - 3 scrolls of teleportation
 t - a scroll of blinking
 x - a scroll of random uselessness
 E - a scroll of noise {unknown}
 M - 2 scrolls of fog {unknown}
 N - a scroll of remove curse
Potions
 e - 3 potions of heal wounds
 k - a potion of agility
 l - 2 potions of berserk rage {unknown}
 m - 3 potions of brilliance {unknown}
 q - a potion of lignification {unknown}
 F - 2 potions of degeneration
 G - 3 potions of curing
Books
 D - a book of Conjurations

   Spells                             Type                      Level
   a - Magic Dart                     Conjuration                  1
   b - Searing Ray                    Conjuration                  2
   c - Dazzling Spray                 Conjuration/Hexes            3
   d - Fulminant Prism                Conjuration/Hexes            4
   e - Force Lance                    Conjuration/Translocation    4
   f - Iskenderun's Mystic Blast      Conjuration                  4
 Q - a book of Geomancy

   Spells                             Type                      Level
   a - Sandblast                      Earth                        1
   b - Passwall                       Transmutation/Earth          2
   c - Stone Arrow                    Conjuration/Earth            3
   d - Petrify                        Transmutation/Earth          4
   e - Lee's Rapid Deconstruction     Earth                        5
Comestibles
 d - 7 royal jellies
 f - 7 bread rations
 g - 6 meat rations
 S - 3 chunks of flesh


   Skills:
 + Level 4.3 Fighting
 * Level 11.5 Long Blades
 - Level 2.3 Maces & Flails
 - Level 1.7 Throwing
 + Level 4.7 Armour
 - Level 2.6 Dodging
 * Level 5.8 Stealth


You had 9 spell levels left.
You didn't know any spells.

Dungeon Overview and Level Annotations

Branches:
Dungeon (8/15)             Temple (0/1) D:5
   Lair: D:8-11

Shops:
D:4 =

Annotations:
D:8 Kurtz's ghost, novice DgGl; Prince Ribbit


Innate Abilities, Weirdness & Mutations

You have an increased reservoir of magic. (+10% MP)
You have large cloven feet.
You tend to lose your temper in combat.
You are clumsy. (Dex -2)
Armour fits poorly on your strangely shaped body.
Your flesh is heat resistant. (rF+)
You are resistant to hostile enchantments. (MR+)
Your movements are slightly less encumbered by armour. (ER -2)


Message History

Kurtz's ghost freezes you.
* * * LOW HITPOINT WARNING * * *
The orc closely misses you.
You hit Kurtz's ghost but do no damage. Your kick misses Kurtz's ghost.
Kurtz's ghost is heavily damaged.
The orc closely misses you. The orc hits you but does no damage.
A shadow imp comes into view.
Unknown command.
You hit Kurtz's ghost but do no damage. Your kick misses Kurtz's ghost.
Kurtz's ghost is heavily damaged.
Kurtz's ghost hits you!
* * * LOW HITPOINT WARNING * * *
Kurtz's ghost freezes you.
* * * LOW HITPOINT WARNING * * *
The orc hits you but does no damage. x2
You hit Kurtz's ghost but do no damage.
You kick Kurtz's ghost, but do no damage.
Kurtz's ghost is heavily damaged.
The orc hits you but does no damage. Kurtz's ghost hits you!
You die...

##..hgg###
#......#...)..#
#...5.....)∩).#
###..........)..#
...............#
#......##.#..##
#..o..........
#..ooW.##..##..
#..÷@..##?. .#
###.#####........#
##
..........######..
######)### #[..#
###[# #.####
###))<.# #......#


You could see Kurtz's ghost, a shadow imp and 3 orcs.

Vanquished Creatures
  2 hippogriffs (D:7)
  A human (D:7)
  A yak (D:7)
  3 hogs
  2 ice beasts (D:6)
  An orc warrior (D:8)
  2 sky beasts
  A necrophage (D:6)
  5 ogres
  A phantom (D:4)
  A black bear (D:7)
  3 centaurs
  11 gnoll sergeants
  5 bullfrogs (D:6)
  A wyvern zombie (D:8)
  2 scorpions
  6 wights
  2 howler monkeys (D:8)
  2 crimson imps
  Crazy Yiuf (D:4)
  2 quasits
  3 orc priests
  A centaur skeleton (D:4)
  6 gnoll shamans (Bailey)
  2 hounds (Bailey)
  A jelly (D:7)
  Jessica (D:2)
  2 iguanas
  Terence (D:2)
  9 orc wizards
  6 worker ants
  Natasha (thrice) (D:2)
  2 hound skeletons
  A howler monkey zombie (D:6)
  Robin (D:4)
  36 gnolls
  9 adders
  A shadow imp (D:6)
  An ooze (D:4)
  2 adder skeletons
  3 worms
  3 dart slugs
  3 leopard geckos
  32 orcs
  10 giant cockroaches
  9 hobgoblins
  8 jackals
  5 quokkas
  10 bats
  8 frilled lizards
  10 goblins
  11 kobolds
  A quokka skeleton (D:4)
  A quokka zombie (D:6)
  3 rats
260 creatures vanquished.

Notes
Turn   | Place    | Note
-------+----------+-------------------------------------------
     0 | D:1      | Kurtz the Demigod Gladiator began the quest for the Orb.
     0 | D:1      | Reached XP level 1. HP: 17/17 MP: 3/3
   196 | D:1      | Reached skill level 3 in Long Blades
   238 | D:1      | Reached XP level 2. HP: 17/24 MP: 4/4
   859 | D:2      | Noticed Terence
   863 | D:2      | Reached XP level 3. HP: 23/29 MP: 5/5
   894 | D:2      | Noticed Natasha
  1220 | D:2      | Reached skill level 4 in Long Blades
  1533 | D:4      | Reached XP level 4. HP: 36/36 MP: 6/6
  1753 | D:3      | Found a glowing golden altar of the Shining One.
  1765 | D:3      | Found a shimmering altar of Xom.
  1767 | D:3      | Found a shimmering altar of Xom.
  1767 | D:3      | Found a shimmering altar of Xom.
  1769 | D:3      | Found a shimmering altar of Xom.
  1769 | D:3      | Found a shimmering altar of Xom.
  1771 | D:3      | Found a shimmering altar of Xom.
  1771 | D:3      | Found a shimmering altar of Xom.
  1783 | D:3      | Reached skill level 1 in Stealth
  1844 | D:3      | Reached skill level 5 in Long Blades
  2056 | D:3      | Reached XP level 5. HP: 10/41 MP: 7/7
  2077 | D:2      | Noticed Jessica
  2358 | D:2      | Killed Jessica
  2527 | D:4      | Found Necuc's Jewellery Emporium.
  2528 | D:4      | Noticed an ogre
  2563 | D:3      | Killed an ogre
  2563 | D:3      | Reached skill level 1 in Maces & Flails
  3044 | D:2      | Killed Natasha
  3044 | D:2      | Reached XP level 6. HP: 44/48 MP: 8/8
  3062 | D:2      | Killed Terence
  3108 | D:2      | Noticed Natasha
  3222 | D:2      | Killed Natasha
  3341 | D:2      | Noticed Natasha
  3346 | D:2      | Killed Natasha
  3593 | D:4      | Reached skill level 6 in Long Blades
  3881 | D:4      | Reached XP level 7. HP: 35/53 MP: 9/9
  4303 | D:4      | Reached skill level 7 in Long Blades
  4459 | D:4      | Found a sacrificial altar of Ru.
  4553 | D:4      | Found a runed door.
  4758 | D:4      | Noticed Robin
  4772 | D:4      | Killed Robin
  4950 | D:4      | Noticed Crazy Yiuf
  4958 | D:4      | Killed Crazy Yiuf
  5040 | D:5      | Entered Level 5 of the Dungeon
  5174 | D:5      | Reached skill level 8 in Long Blades
  5381 | D:5      | Found a staircase to the Ecumenical Temple.
  5386 | D:5      | Reached XP level 8. HP: 60/60 MP: 10/10
  5402 | D:5      | Reached skill level 1 in Armour
  5595 | D:5      | Got a clouded pewter ring
  5597 | D:5      | Identified the ring of the Empire {MP+9 Stlth-} (You found it on level 5 of the Dungeon)
  5840 | D:6      | Reached skill level 9 in Long Blades
  6220 | D:6      | Found a hazy altar of Hepliaklqana.
  6430 | D:6      | Found a white marble altar of Elyvilon.
  6912 | D:6      | Reached skill level 10 in Long Blades
  6924 | D:6      | Reached XP level 9. HP: 13/68 MP: 11/11
  7312 | D:8      | Found a flagged portal.
  7337 | D:8      | Noticed Prince Ribbit
  7342 | Bailey   | Entered a bailey
  8038 | Bailey   | Reached skill level 5 in Stealth
  9202 | D:7      | Reached skill level 11 in Long Blades
  9579 | D:7      | Got a warped plate armour
  9590 | D:7      | Identified the cursed +0 plate armour of the Orcish Mines {Str+3} (You found it on level 7 of the Dungeon)
  9701 | D:7      | Gained mutation: Your flesh is heat resistant. (rF+) [potion of mutation]
  9701 | D:7      | Gained mutation: You tend to lose your temper in combat. [potion of mutation]
  9701 | D:7      | Gained mutation: You are resistant to hostile enchantments. (MR+) [potion of mutation]
  9701 | D:7      | Gained mutation: Your movements are slightly less encumbered by armour. (ER -2) [potion of mutation]
  9777 | D:7      | Reached XP level 10. HP: 76/78 MP: 13/13
 10956 | D:4      | Bought a +5 ring of strength for 412 gold pieces
 11054 | D:8      | Noticed Kurtz's ghost (novice DgGl)
 11312 | D:7      | Gained mutation: You have large cloven feet. [mutagenic meat]
 11314 | D:7      | Gained mutation: You are clumsy. (Dex -2) [mutagenic meat]
 11315 | D:7      | Gained mutation: Armour fits poorly on your strangely shaped body. [mutagenic meat]
 11344 | D:8      | HP: 4/80 [Kurtz's ghost (1)]
 11345 | D:8      | Mangled by Kurtz's ghost

Vault maps used:
D:1:      dpeg_arrival_rooms_c
D:2:      first_bread, uniq_jessica, uniq_terence, uniq_natasha
D:3:      old_standard_altar, nicolae_xom_altar_mimics
D:4:      kennysheep_six_static_rooms, serial_shops, shop,
          nicolae_ru_sacrificial_ziggurat, uniq_robin, uniq_crazy_yiuf_cottage
D:5:      minmay_temple_entry_statues, minmay_crystal_water
D:6:      elyvilon_altar_5, old_standard_altar
D:7:      grunt_livestock
D:8:      gammafunk_temple_overflow_statue, enter_bailey_2, uniq_prince_ribbit1
Bailey:   bailey_polearm_gnolls_kennysheep, bailey

Skill      XL: |  1  2  3  4  5  6  7  8  9 10 |
---------------+-------------------------------+-----
Long Blades    | 3 4 5 6 8 10 11 | 11.5
Stealth        | 1 2 3 4 5 |  5.8
Maces & Flails | 1 2 |  2.3
Armour         | 2 4 |  4.7
Fighting       | 2 3 4 |  4.3
Throwing       | |  1.7
Dodging        | |  2.6

Action                   |  1- 3 |  4- 6 |  7- 9 | 10-12 || total
-------------------------+-------+-------+-------+-------++-------
Melee: Long sword        |   102 |    96 |       |       ||   198
       Flail             |       |    24 |       |       ||    24
       Falchion          |       |    87 |   656 |   122 ||   865
       Kick              |       |       |       |     8 ||     8
Throw: Throwing net      |     3 |       |       |       ||     3
       Tomahawk          |       |       |     4 |       ||     4
Evoke: Wand              |       |       |    15 |       ||    15
  Use: Scroll            |       |       |    13 |       ||    13
       Potion            |       |       |     5 |       ||     5
 Stab: Sleeping          |     1 |       |       |       ||     1
  Eat: Chunk             |     2 |     8 |    19 |     7 ||    36
       Bread ration      |       |       |       |     1 ||     1
Armor: Leather armour    |    21 |       |       |       ||    21
       Scale mail        |    23 |       |       |       ||    23
       Chain mail        |     7 |   119 |   296 |       ||   422
       Plate armour      |       |       |    35 |    66 ||   101
       Crystal plate arm |       |       |     9 |       ||     9
Dodge: Dodged            |    70 |    82 |   295 |    48 ||   495
       Rpst.: Long sword |    22 |    20 |       |       ||    42
       Falchion          |       |     5 |    77 |    11 ||    93
